Map: Catallena LE (Void)

Players

Peppy

  • Race: Protoss Protoss
  • League: Master
  • Spawn Location: 12:00

Smurficide - Winner!

  • Race: Zerg Zerg
  • League: Master
  • Spawn Location: 5:00

VOD

Have the link to the VOD?

Description

Time

  • Played on: Aug. 19, 2017, 8:01 a.m.
  • Length: 8:20
Show
View Real Time Build Order
Export as new Build Order

Peppy Protoss 

Build Orders: Zealot Archon 

Get SALT Encoding   

  12  0:02  Probe (Chrono Boost)  
  13  0:12  Probe (Chrono Boost)  
  14  0:21  Pylon  
  14  0:23  Probe (Chrono Boost)  
  15  0:39  Probe (Chrono Boost)  
  15  0:40  Gateway  
  16  0:49  Assimilator  
  17  0:50  Probe (Chrono Boost)  
  17  1:01  Probe (Chrono Boost)  
  19  1:11  Probe (Chrono Boost)  
  19  1:15  Pylon  
  19  1:28  Zealot (Chrono Boost)  
  21  1:51  Nexus  
  21  1:53  Zealot (Chrono Boost)  
  19  2:15  Cybernetics Core  
  19  2:19  Zealot (Chrono Boost)  
  19  2:37  Probe  
  20  2:49  Probe  
  23  2:51  Adept (Chrono Boost)  
  23  2:52  Warp Gate  
  23  3:07  Twilight Council  
  23  3:14  Probe  
  23  3:15  Probe  
  25  3:25  Probe  
  25  3:26  Probe  
  25  3:30  Adept (Chrono Boost)  
  28  3:36  Probe  
  28  3:39  Probe  
  28  3:40  Resonating Glaives (Chrono Boost)  
  30  3:49  Probe  
  30  3:51  Probe  
  32  3:58  Gateway  
  30  4:10  Probe x2  
  30  4:11  Gateway  
  30  4:13  Assimilator  
  30  4:16  Adept  
  32  4:22  Probe  
  32  4:23  Probe  
  36  4:34  Probe  
  36  4:35  Probe  
  38  4:41  Pylon  
  42  4:47  Probe (Chrono Boost)  
  42  4:48  Probe (Chrono Boost)  
  42  5:00  Probe (Chrono Boost), Adept x2  
  42  5:01  Probe (Chrono Boost)  
  42  5:05  Nexus  
  46  5:11  Adept  
  48  5:21  Robotics Facility  
  48  5:23  Probe x2 (Chrono Boost)  
  48  5:24  Adept  
  48  5:27  Adept  
  54  5:35  Dark Shrine  
  54  5:51  Pylon  
  54  5:52  Pylon  
  48  6:19  Probe x2 (Chrono Boost)  
  48  6:21  Adept x3  
  48  6:22  Immortal  
  48  6:24  Assimilator  
  54  6:25  Assimilator  
  54  6:26  Mothership Core (Chrono Boost)  
  54  6:29  Probe (Chrono Boost)  
  54  6:30  Probe (Chrono Boost)  
  58  6:34  Forge  
  58  6:40  Probe x2 (Chrono Boost)  
  58  6:44  Probe (Chrono Boost)  
  61  6:47  Dark Templar x2  
  61  6:50  Pylon, Probe (Chrono Boost)  
  61  6:53  Archon  
  66  7:01  Warp Prism  
  66  7:04  Dark Templar  
  64  7:21  Probe x3 (Chrono Boost)  
  67  7:29  Zealot  
  69  7:30  Zealot  
  69  7:31  Probe x2 (Chrono Boost)  
  77  7:37  Immortal  
  77  7:39  Pylon  
  77  7:40  Pylon  
  77  7:49  Gateway  
  77  7:50  Gateway  
  77  7:51  Gateway, Probe x3 (Chrono Boost)  
  80  8:01  Dark Templar x2, Probe x3 (Chrono Boost)  
  73  8:15  Dark Templar  
Show
View Real Time Build Order
Export as new Build Order

Smurficide Zerg - Winner!

Build Orders: Pool First 

Get SALT Encoding   

  12  0:18  Spawning Pool  
  11  0:22  Drone  
  11  0:26  Drone  
  13  0:31  Drone  
  14  0:40  Overlord  
  14  1:05  Zergling x6  
  17  1:20  Hatchery, Zergling x2  
  17  1:28  Zergling x2  
  18  1:34  Queen  
  20  1:40  Drone  
  21  1:49  Overlord  
  19  2:08  Drone  
  19  2:11  Queen  
  22  2:21  Drone x2  
  22  2:35  Drone x2  
  24  2:47  Drone x4  
  28  3:00  Drone x3  
  31  3:10  Extractor  
  31  3:11  Overlord  
  30  3:13  Drone  
  30  3:15  Drone  
  31  3:22  Hatchery  
  31  3:23  Drone x5  
  35  3:29  Queen  
  37  3:39  Zergling x6  
  40  3:42  Overlord  
  40  3:50  Drone x2  
  42  3:55  Extractor  
  41  4:04  Drone x5  
  41  4:05  Drone x3  
  48  4:21  Spore Crawler  
  47  4:24  Spore Crawler  
  47  4:29  Lair  
  46  4:32  Roach Warren  
  45  4:39  Overlord  
  45  4:40  Drone x3  
  45  4:43  Extractor  
  47  4:52  Drone x3  
  50  4:56  Extractor, Drone x3  
  50  4:57  Overlord x2  
  52  5:02  Metabolic Boost  
  52  5:14  Drone x3  
  52  5:15  Drone x7  
  62  5:25  Overlord  
  62  5:31  Glial Reconstitution  
  62  5:33  Drone  
  62  5:34  Drone x4, Queen  
  69  5:46  Roach  
  69  5:47  Roach x3  
  76  5:50  Roach  
  76  5:51  Roach x3  
  76  5:56  Roach x2  
  88  6:02  Overlord x3  
  88  6:10  Roach  
  88  6:11  Roach x2  
  82  6:21  Drone x3  
  82  6:24  Roach  
  82  6:25  Roach x4  
  95  6:33  Evolution Chamber, Roach x5  
  95  6:38  Drone  
  105  6:42  Overlord  
  105  6:44  Roach  
  107  6:48  Roach  
  109  7:01  Roach x6  
  120  7:15  Overseer  
  116  7:16  Overseer  
  116  7:17  Overlord  
  116  7:18  Overlord x3  
  116  7:21  Spore Crawler  
  115  7:24  Drone x7  
  115  7:25  Drone, Spine Crawler  
  115  7:29  Pneumatized Carapace  
  122  7:38  Drone  
  122  7:39  Drone x3  
  122  7:42  Ravager  
  130  7:44  Ravager x5  
  130  7:46  Ravager  
  130  7:48  Drone x2  
  130  7:49  Drone  
  136  7:54  Extractor  
  136  7:57  Extractor  
  134  7:59  Drone x3  
  134  8:01  Drone x3  
Tags
 
Composition
Zealot Archon
Matchup
PvZ
Opening
Pool First
Player
Peppy
Spawn Locations
Cross Positions
Add a new tag
Caveats
  • Supply blocks, unpowered buildings, or Contaminate may cause inaccurate times.
  • Supply counts are checked every 10 seconds.